 Dungeon Crawl Stone Soup version 0.17.0-27-g4a3f43e (webtiles) character file.

662 McCoppin the Spear-Bearer (level 7, -2/46 HPs)
             Began as a Merfolk Ice Elementalist on Nov 21, 2015.
             Was a Believer of Okawaru.
             Slain by Menkaure (16 damage)
             ... on level 4 of the Dungeon.
             The game lasted 00:20:28 (4288 turns).

McCoppin the Spear-Bearer (MfIE)                    Turns: 4288, Time: 00:20:28

Health: -2/46      AC:  9    Str:  8    XL:     7   Next: 56%
Magic:  12/19      EV: 16    Int: 14    God:    Okawaru [**....]
Gold:   118        SH:  0    Dex: 17    Spells: 4 memorised, 0 levels left

rFire  . . .     SeeInvis .     f - +0 spear
rCold  . . .     Clarity  .     s - +2 robe {rN+}
rNeg   + . .     SustAt   .     (no shield)
rPois  .         Gourm    .     (no helmet)
rElec  .         Spirit   .     (no cloak)
rCorr  .         Warding  .     (no gloves)
rMut   .         Stasis   .     (no boots)
MR     .....                    (no amulet)
Stlth  ++........               o - +3 ring of evasion
                                h - ring of magical power

@: icy armour, very slightly contaminated, not resistant to hostile
enchantments, unstealthy
A: change form in water, swift swim
a: Heroism, Renounce Religion


You were on level 4 of the Dungeon.
You worshipped Okawaru.
Okawaru was pleased with you.
You were not hungry.

You visited 1 branch of the dungeon, and saw 4 of its levels.

You collected 118 gold pieces.

Inventory:

Hand Weapons
 f - a +0 spear (weapon)
 k - a +0 blowgun
 p - a +0 trident
 t - a +0 halberd
 A - a +0 glaive
Missiles
 j - 18 poisoned needles
 m - 3 throwing nets (quivered)
 n - 4 needles of slowing
 v - 3 curare-tipped needles
Armour
 a - a +0 robe
 q - a +1 leather armour of poison resistance
 s - a +2 robe of positive energy (worn)
Jewellery
 h - a ring of magical power (left hand)
 o - a +3 ring of evasion (right hand)
 y - an uncursed ring of protection from cold {unknown}
Wands
 l - a wand of fireball (2)
Scrolls
 u - a scroll of amnesia
 w - a scroll of enchant armour
Potions
 d - a potion of heal wounds
 e - a potion of lignification
 r - a potion of resistance
 z - 2 potions of curing
Books
 b - a book of Frost

   Spells                             Type                      Level
   a - Freeze                         Ice                          1
   b - Throw Frost                    Conjuration/Ice              2
   c - Ozocubu's Armour               Charms/Ice                   3
   d - Throw Icicle                   Conjuration/Ice              4
   e - Summon Ice Beast               Ice/Summoning                4
   f - Condensation Shield            Ice                          4
Comestibles
 c - 3 bread rations
 g - a beef jerky
 i - 2 meat rations
 x - a slice of pizza
 B - 3 fruits
 C - a chunk of flesh


   Skills:
 + Level 8.0 Polearms
 - Level 2.6 Dodging
 - Level 2.1 Stealth
 - Level 2.0 Spellcasting
 - Level 0.7 Conjurations
 + Level 7.0 Ice Magic


You couldn't memorise any spells.
You knew the following spells:

 Your Spells              Type           Power        Failure   Level  Hunger
a - Freeze                Ice            ###.         1%          1    ##.....
b - Ozocubu's Armour      Chrm/Ice       ##......     17%         3    ####...
c - Throw Frost           Conj/Ice       ##....       10%         2    ###....
d - Summon Ice Beast      Ice/Summ       ##......     58%         4    #####..


Dungeon Overview and Level Annotations

Branches:
Dungeon (4/15)
 Temple: D:4-7

Altars:
Elyvilon
Okawaru
Qazlal
Zin
The Shining One

Shops:
D:4 =

Annotations:
D:4 Menkaure


Message History

You miscast Ozocubu's Armour.
You are very lightly contaminated with residual magic.
You shiver with cold.
Casting: Ozocubu's Armour
Confirm with . or Enter, or press ? or * to list all spells.
A film of ice covers your body!
Menkaure calls on the powers of darkness!
Your body is wracked with pain!
You see here 9 gold pieces.
Unknown command.
You hit Menkaure.
Menkaure is lightly damaged.
Menkaure gestures at you while chanting.
Pain shoots through your body!
You hit Menkaure.
Menkaure is moderately damaged.
You hit Menkaure.
Menkaure is heavily damaged.
Menkaure hits you!
You die...

...'........######.##
.###........######.#
.#...............#.#
.#.#..^#####.......#
.######## #.###.###
.##≈≈≈≈≈## #.# #.#
.#≈≈≈≈≈≈≈# #.# #.#
##≈≈≈≈≈≈≈###.# #.#
#≈≈≈≈≈≈≈≈≈##.# #@#
#≈.≈≈≈≈≈≈≈#..#...M.....#
#≈≈.≈≈≈.≈.#.############
##.......##.'....#..
##.. #.......#..####.#.#
8.. ##.....##### #.#.#
#.. ##...## ######.#.#
8. #...# #........# ##
#...# #.####...# ##


You could see Menkaure.

Vanquished Creatures
  Sigmund (D:3)
  Edmund (D:4)
  The ghost of dxctxrx the Shooter, an amateur CeHu (D:3)
  An ogre (D:4)
  A hound (D:4)
  A giant frog skeleton (D:4)
  An iguana (D:4)
  4 gnolls (D:3)
  3 adders (D:2)
  4 worms
  5 orcs (D:3)
  2 ball pythons (D:2)
  2 giant cockroaches (D:2)
  2 goblins
  7 hobgoblins
  4 jackals (D:3)
  9 kobolds
  2 quokkas
  10 bats
  A giant gecko (D:2)
  2 giant newts (D:2)
  4 rats
68 creatures vanquished.

Notes
Turn   | Place    | Note
--------------------------------------------------------------
     0 | D:1      | McCoppin the Merfolk Ice Elementalist began the quest for the Orb.
     0 | D:1      | Reached XP level 1. HP: 13/13 MP: 3/3
   413 | D:2      | Reached skill level 1 in Polearms
   422 | D:2      | Reached XP level 2. HP: 14/19 MP: 0/5
   879 | D:2      | Found a stormy altar of Qazlal.
   932 | D:2      | Reached skill level 4 in Ice Magic
   932 | D:2      | Reached XP level 3. HP: 24/24 MP: 6/6
  1444 | D:2      | Learned a level 3 spell: Ozocubu's Armour
  1447 | D:2      | Learned a level 2 spell: Throw Frost
  1505 | D:2      | Reached XP level 4. HP: 30/30 MP: 7/7
  1840 | D:2      | Found an iron altar of Okawaru.
  1844 | D:2      | Became a worshipper of Warmaster Okawaru
  2530 | D:3      | Noticed dxctxrx's ghost (amateur CeHu)
  2556 | D:3      | Killed dxctxrx's ghost
  2556 | D:3      | Reached skill level 5 in Polearms
  2556 | D:3      | Reached skill level 5 in Ice Magic
  2556 | D:3      | Reached XP level 5. HP: 13/35 MP: 8/8
  3274 | D:3      | Noticed Sigmund
  3425 | D:3      | Reached XP level 6. HP: 41/41 MP: 9/9
  3554 | D:3      | Killed Sigmund
  3554 | D:3      | Reached * piety under Okawaru
  3554 | D:3      | Reached skill level 6 in Polearms
  3701 | D:4      | Noticed Edmund
  3728 | D:4      | Killed Edmund
  3728 | D:4      | Reached skill level 7 in Polearms
  3728 | D:4      | Reached XP level 7. HP: 30/46 MP: 0/10
  3838 | D:4      | Found a glowing silver altar of Zin.
  3839 | D:4      | Found a glowing golden altar of the Shining One.
  3845 | D:4      | Found a white marble altar of Elyvilon.
  3885 | D:4      | Reached ** piety under Okawaru
  3891 | D:4      | Found Birer's Jewellery Boutique.
  4252 | D:4      | Reached skill level 8 in Polearms
  4261 | D:4      | Learned a level 4 spell: Summon Ice Beast
  4281 | D:4      | Noticed Menkaure
  4288 | D:4      | Slain by Menkaure

Action                   |  1- 3 |  4- 6 |  7- 9 || total
-------------------------+-------+-------+-------++-------
Melee: Spear             |    53 |   139 |    20 ||   212
 Cast: Freeze            |    28 |    37 |     9 ||    74
       Throw Frost       |     3 |    24 |     2 ||    29
       Ozocubu's Armour  |       |     7 |     4 ||    11
  Use: Scroll            |       |     3 |     2 ||     5
       Potion            |       |     2 |       ||     2
 Stab: Sleeping          |     3 |     2 |       ||     5
  Eat: Chunk             |     2 |     6 |     1 ||     9
       Bread ration      |       |     1 |     1 ||     2
